 Dungeon Crawl Stone Soup version 0.02-122-g12e50fee3c (webtiles) character file.

Game seed: 5496701580278587971, levelgen mode: deterministic

19835 Lanoc the Fighter (level 12, -3/128 HPs) Silver Draconian Demonspawn. Began on Oct 6, 2020. Was a High Priest of Bahamut & Tiamat. Shot with an arrow by a centaur warrior (12 damage) ... on level 7 of the Dungeon. The game lasted 00:25:29 (7337 turns).

Lanoc the Fighter (Silver Draconian Demonspawn)     Turns: 7337, Time: 00:25:29

Health: -3/128     AC: 26    Str: 16    XL:     12 ^: 9697
Magic:  21/21      EV: 21    Int: 14    God:    Bahamut & Tiamat [5* [125]]
Gold:   340        SH:  0    Dex: 15    Spells: 15/16 levels left

rFire    . . .     Vision   .   o - +3 quarterstaff (chaos)
rCold    . . .     Gourm    .   (also wielding the above weapon)
rNeg     . . .     Faith    .   (armour unavailable)
rPois    +         Spirit   .   (helmet restricted)
rElec    .         Reflect  .   p - +1 cloak
rCorr    .         Harm     .   (no gloves)
MR       .....                  (no boots)
Stlth    ++++......             (no amulet)
HPRegen  0.52/turn              r - ring of protection
MPRegen  0.31/turn              y - ring of poison resistance

@: short of breath, sanguine armour, very slightly contaminated, hasted, very
quick
A: no body armour, unfitting armour, hooves 2, nightstalker 2, robust 1,
cold-blooded, subdued magic 1, sanguine armour 1, boosted short blades aptitude,
boosted dodging aptitude, earth enhancer 1, AC++, rMut, AC +13
a: Breathe Silver Splinters, Enhanced Breath, Choose Tiamat's Summon Drakes,
Renounce Religion


You were on level 7 of the Dungeon.
You worshipped Bahamut & Tiamat.
Bahamut & Tiamat was extremely pleased with you.
You were not hungry.

You visited 2 branches of the dungeon, and saw 8 of its levels.

You collected 340 gold pieces.

Inventory:

Weapons
 o - a +3 quarterstaff of chaos (weapon) Shields
 s - a +0 targe
Armour
 p - a +1 cloak (worn)
Jewellery
 r - a ring of protection (left hand)
 y - a ring of poison resistance (right hand)
Wands
 n - a wand of random effects (2)
 q - a wand of acid (1)
 v - a wand of iceblast (2)
 x - a wand of polymorph (19)
Scrolls
 a - 2 scrolls of amnesia
 b - 5 scrolls of enchantment
 d - 7 scrolls of teleportation
 e - 3 scrolls of blinking
 h - 2 scrolls of magic mapping
 k - 2 scrolls of fog
 B - a scroll of immolation
Potions
 f - a potion of might
 g - 4 potions of cancellation
 i - 2 potions of lignification
 j - 4 potions of curing
 l - 2 potions of agility
 m - a potion of ambrosia
 t - a potion of haste
 u - 2 potions of magic
 w - a potion of invisibility
 z - a potion of mutation
 A - a potion of resistance
Comestibles
 c - 29 rations


   Skills:
 + Level 14.1 Fighting
   Level 1.5 Long Blades
 + Level 13.3 Dodging
 - Level 1.3 Stealth
 - Level 2.6 Spellcasting
 + Level 12.7 Invocations


You had 15 spell levels left.
You knew the following spells:

 Your Spells              Type           Power        Failure   Level  Hunger
a - Flame Tongue          Fire           1 (40)       19%         1    #......

Your spell library contained the following spells:

 Spells                   Type           Power        Failure   Level  Hunger
 Blink                    Tloc           N/A          28%         2    ###....
 Call Imp                 Summ           1 (100)      28%         2    ###....
 Slow                     Hex            1 (100)      28%         2    ###....
 Conjure Flame            Fire           1 (100)      50%         3    ###....
 Mephitic Cloud           Pois/Air       1 (100)      50%         3    ###....


Dungeon Overview and Level Annotations

Branches:
Dungeon (7/8)              Temple (1/1) D:4            Lair (0/6) D:5
    Orc (0/2) D:6
 Vaults: D:7

Altars:
Ashenzari Bahamut & Tiamat
Cheibriados
Dithmenos
Elyvilon
Fedhas Madash
Gozag Ym Sagoz
Hepliaklqana
Makhleb
Nemelex Xobeh
Okawaru
Qazlal
Ru
Trog
Uskayaw
Vehumet
Wu Jian
Xom
Yredelemnul
The Shining One

Shops:
D:3 [


Innate Abilities, Weirdness & Mutations

You cannot fit into any form of body armour.
Your gleaming silver scales are hard. (AC +13)
You can breathe silver splinters, which deal bonus damage to chaotic creatures.
You have hoof-like feet.
You are significantly more attuned to the shadows.
You are cold-blooded and may be slowed by cold attacks.
When seriously injured, your bleeding wounds create armour. (AC +6)
You are naturally skilled at Short Blades (Aptitude +3).
You are naturally skilled at Dodging (Aptitude +3).
You are in touch with the powers of the earth.
Your gleaming silver scales boost your physical defenses and make you resistant to mutation. (AC++, rMut)
You are robust. (+10% HP)
Your spells are a little easier to cast, but a little less powerful.


Message History

You are very lightly contaminated with residual magic.
As you read the scroll of blinking, it crumbles to dust.
The centaur warrior hits you but does no damage.
You feel as though your hastened speed will last longer.
You feel yourself speed up. The centaur warrior hits you (5).
* * * LOW HITPOINT WARNING * * *
You feel better.
The centaur warrior hits you but does no damage.
You feel better.
The centaur warrior hits you but does no damage.
Okay, then.
The centaur warrior wields a +0 longbow.
The centaur warrior shoots an arrow.
The arrow hits you (14)!
* * * LOW HITPOINT WARNING * * *
Tiamat extends your haste.
The boulder beetle curls into a ball and starts rolling!
The boulder beetle is no longer infused with raw entropy.
The centaur warrior shoots an arrow.
The arrow hits you (12)!
You die...

###################
####.@..............<#
##########....#################
#.......##....# #......†##....#
#.......##....# #.......##..cB#
#........p...°# #.........###°#
#.......p.# #H#


You could see a boulder beetle and a centaur warrior.

Vanquished Creatures
  2 boulder beetles (D:6)
  The ghost of Lanoc the Fighter, a journeyman DrDs of Bahamut & Tiamat (D:6)
  2 unseen horrors (D:6)
  A hydra (D:6)
  5 two-headed ogres
  2 deep elf magi
  An ugly thing (D:7)
  4 trolls
  A meliai (shapeshifter) (D:7)
  2 wraiths (D:6)
  A spectral hydra (D:6)
  2 cyclopes (D:6)
  A wyvern (D:6)
  Menkaure (D:3)
  10 yaks
  2 hungry ghosts
  4 spectral two-headed ogres (D:6)
  2 guardian mummies (D:6)
  3 wargs (D:5)
  A spectral ogre (D:6)
  A vampire mosquito (D:6)
  4 spectral orcs (D:6)
  A slime creature (D:2)
  A necrophage (D:6)
  4 phantoms
  A spectral elf (D:6)
  2 spectral manticores (D:6)
  2 ice beasts (D:5)
  5 orc warriors
  4 sky beasts
  2 black bears (D:6)
  3 ogres (D:6)
  A spectral hippogriff (D:6)
  A crocodile (D:5)
  3 spectral trolls (D:6)
  A rock worm zombie (D:4)
  A spectral shapeshifter (D:6)
  A big kobold (D:2)
  7 bullfrogs
  A centaur (D:5)
  A spectral hornet (D:6)
  3 spectral kobolds (D:6)
  3 howler monkeys
  3 scorpions
  2 spectral basilisks (D:6)
  4 killer bees (D:5)
  6 wights
  2 crimson imps
  A spectral crocodile (D:6)
  A spectral acid dragon (D:6)
  2 spectral wyverns (D:6)
  3 orc priests
  2 hounds
  3 jellies
  8 orc wizards
  Crazy Yiuf (D:3)
  A mummy (D:6)
  2 iguanas (D:5)
  A wyvern zombie (D:6)
  8 worker ants
  2 water moccasin skeletons
  4 wyvern skeletons (D:6)
  A water moccasin simulacrum (D:6)
  A wyvern simulacrum (D:6)
  5 spectral bullfrogs (D:6)
  3 spectral centaurs (D:6)
  An iron imp (D:4)
  3 bullfrog zombies
  8 bullfrog skeletons
  A porcupine skeleton (D:4)
  A bullfrog simulacrum (D:6)
  3 shadow imps (D:4)
  11 adders
  4 gnolls (D:3)
  8 sewer rats (D:2)
  A white imp (D:4)
  6 cinder newts
  3 worms
  2 oozes (D:2)
  A dart slug (D:1)
  2 leopard geckos
  19 orcs
  A bat (D:2)
  3 giant cockroaches
  4 goblins (D:1)
  3 hobgoblins (D:1)
  3 jackals (D:4)
  2 quokkas
  A ball python skeleton (D:2)
  6 kobolds
  3 rats (D:1)
  A butterfly (D:4)
  2 fungi (D:3)
  A giant blowfly (D:6)
271 creatures vanquished.

Vanquished Creatures (collateral kills)
  An iron imp (D:4)
  A bullfrog skeleton (D:4)
2 creatures vanquished.

Vanquished Creatures (others)
  A basilisk (D:6)
  A spectral komodo dragon (D:6)
  A jelly (D:7)
  5 sewer rats (D:2)
  An ooze (D:2)
  A ball python (D:2)
  2 giant cockroaches (D:2)
  8 kobolds (D:2)
  42 bushes (D:7)
  75 withered plants (D:2)
137 creatures vanquished.

Grand Total: 410 creatures vanquished

Notes
Turn   | Place    | Note
-------+----------+-------------------------------------------
     0 | D:1      | Lanoc the Immature Draconian Demonspawn began the quest for
                  | the Orb.
     0 | D:1      | Reached XP level 1. HP: 18/18 MP: 4/4
    30 | D:1      | Gained mutation: You have large cloven feet. [demonic
                  | ancestry]
    30 | D:1      | Reached XP level 2. HP: 16/25 MP: 5/5
    39 | D:1      | Reached skill level 3 in Fighting
   236 | D:1      | Gained mutation: You are slightly more attuned to the
                  | shadows. [demonic ancestry]
   236 | D:1      | Reached XP level 3. HP: 31/31 MP: 7/7
   301 | D:2      | Reached XP level 4. HP: 30/40 MP: 8/8
   305 | D:2      | Noticed a slime creature
   311 | D:2      | Reached skill level 4 in Fighting
   417 | D:2      | Killed a slime creature
   417 | D:2      | Reached skill level 5 in Fighting
   417 | D:2      | Gained mutation: When seriously injured, your bleeding
                  | wounds create armour. (AC +6) [demonic ancestry]
   417 | D:2      | Reached XP level 5. HP: 31/48 MP: 5/9
   445 | D:2      | Reached XP level 6. HP: 12/56 MP: 7/10
   700 | D:3      | Reached skill level 6 in Fighting
   760 | D:3      | Found Necrythri's Armour Shop.
   786 | D:3      | Gained mutation: Your spells are a little easier to cast,
                  | but a little less powerful. [potion of mutation]
   786 | D:3      | Gained mutation: You are robust. (+10% HP) [potion of
                  | mutation]
   807 | D:3      | Your scales start taking on a gleaming silver colour.
   807 | D:3      | Reached XP level 7. HP: 66/69 MP: 11/11
   807 | D:3      | Gained mutation: Your gleaming silver scales boost your
                  | physical defenses and make you resistant to mutation.
                  | (AC++, rMut) [Silver Draconian growth]
   807 | D:3      | Gained mutation: You are in touch with the powers of the
                  | earth. [Silver Draconian growth]
   856 | D:3      | Noticed Menkaure
   866 | D:3      | Killed Menkaure
  1038 | D:3      | Reached skill level 5 in Dodging
  1256 | D:3      | Found a bloodstained altar of Trog.
  1267 | D:3      | Found an iron altar of Okawaru.
  1278 | D:3      | Found a snail-covered altar of Cheibriados.
  1517 | D:3      | Reached skill level 7 in Fighting
  1744 | D:3      | Found a runed translucent door.
  1747 | D:3      | Noticed Crazy Yiuf
  1762 | D:3      | Killed Crazy Yiuf
  1892 | D:4      | Reached XP level 8. HP: 74/80 MP: 12/12
  1895 | D:4      | Found a staircase to the Ecumenical Temple.
  1930 | D:4      | Reached skill level 8 in Fighting
  1952 | Temple   | Entered the Ecumenical Temple
  2017 | Temple   | Became a worshipper of Bahamut & Tiamat
  2200 | D:4      | Found a shimmering altar of Xom.
  2315 | D:4      | Reached * piety under Bahamut & Tiamat
  2315 | D:4      | Reached skill level 9 in Fighting
  2327 | D:4      | Gained mutation: You have hoof-like feet. [demonic
                  | ancestry]
  2327 | D:4      | Reached XP level 9. HP: 39/92 MP: 13/13
  2393 | D:4      | Found a hide-covered altar of Uskayaw.
  2701 | D:5      | Entered Level 5 of the Dungeon
  2706 | D:5      | Noticed a two-headed ogre
  2715 | D:5      | Killed a two-headed ogre
  2715 | D:5      | Reached skill level 10 in Fighting
  3035 | D:5      | Reached skill level 11 in Fighting
  3036 | D:5      | Reached ** piety under Bahamut & Tiamat
  3081 | D:5      | Found a staircase to the Lair.
  3291 | D:5      | Gained mutation: You are naturally skilled at Short Blades
                  | (Aptitude +3). [draconic bloodline]
  3291 | D:5      | Gained mutation: You are significantly more attuned to the
                  | shadows. [demonic ancestry]
  3291 | D:5      | Reached XP level 10. HP: 72/105 MP: 14/14
  3356 | D:5      | Noticed a two-headed ogre
  3366 | D:5      | Killed a two-headed ogre
  3366 | D:5      | Reached skill level 5 in Invocations
  3618 | D:5      | Found a hazy altar of Hepliaklqana.
  3620 | D:5      | Noticed a two-headed ogre
  3634 | D:5      | Killed a two-headed ogre
  3738 | D:5      | Noticed a two-headed ogre
  3937 | D:5      | Found a blossoming altar of Fedhas.
  4043 | D:5      | Killed a two-headed ogre
  4043 | D:5      | Reached skill level 12 in Fighting
  4295 | D:6      | Reached *** piety under Bahamut & Tiamat
  4384 | D:6      | Reached XP level 11. HP: 70/115 MP: 17/17
  4694 | D:6      | Noticed a boulder beetle
  4707 | D:6      | Killed a boulder beetle
  4710 | D:6      | Found a staircase to the Orcish Mines.
  4922 | D:6      | Noticed a two-headed ogre
  4929 | D:6      | Killed a two-headed ogre
  4975 | D:6      | Reached skill level 10 in Invocations
  5130 | D:6      | Reached skill level 13 in Fighting
  5163 | D:6      | Reached **** piety under Bahamut & Tiamat
  5663 | D:6      | Found an ornate altar of the Wu Jian Council.
  5713 | D:6      | Killed an unseen horror
  5821 | D:6      | Found a large runed translucent door.
  5821 | D:6      | Found a large runed translucent door.
  5835 | D:6      | Noticed a boulder beetle
  5846 | D:6      | Killed a boulder beetle
  5846 | D:6      | Reached skill level 10 in Dodging
  6139 | D:6      | Gained mutation: You are naturally skilled at Dodging
                  | (Aptitude +3). [draconic bloodline]
  6139 | D:6      | Reached XP level 12. HP: 98/126 MP: 20/20
  6458 | D:6      | Reached ***** piety under Bahamut & Tiamat
  6475 | D:6      | Noticed Lanoc's ghost (journeyman DrDs)
  6645 | D:6      | Killed Lanoc's ghost
  6815 | D:6      | Reached skill level 14 in Fighting
  7315 | D:7      | Noticed a boulder beetle
  7328 | D:7      | HP: 6/128 [boulder beetle (38)]
  7330 | D:7      | HP: 2/128 [centaur warrior (5)]
  7337 | D:7      | Shot with an arrow by a centaur warrior

Levels and vault maps discovered:
D:1:      tarquinn_simple_flora_water_f, layout_rooms, minmay_statues_item,
          minmay_quantized
D:2:      layout_sewer, first_ration
D:3:      layout_loops_ring, minmay_overflow_temple_star_quad, serial_shops,
          shop, minivault_25, uniq_crazy_yiuf_cottage, uniq_menkaure
D:4:      layout_roguey, nicolae_overflow_crystal_walls, lemuel_round_altar,
          minmay_temple_entry_large_hall, bcadren_nooodl_food_pyramid
D:5:      layout_irregular_city, kennysheep_mini_moat,
          overflow_temple_1_default, erik_lair_orcish_takeover
D:6:      layout_irregular_city, lemuel_round_altar, orc_0_dummy,
          ebering_ghost_disaster_area,
          ossuary_bcadren_kennysheep_ruined_city_of_the_dead
D:7:      layout_basic, overflow_temple_1_default,
          lightli_vaults_fourway_checkpoint, serial_park_square2, uniq_jorgrun,
          uniq_azrael, uniq_agnes, uniq_snorg
Temple:   dshaligram_water_room_temple

Skill      XL: |  1  2  3  4  5  6  7  8  9 10 11 12 |
---------------+-------------------------------------+-----
Fighting       | 3 5 6 7 9 11 12 13 14 | 14.1
Dodging        | 3 4 5 6 8 9 12 13 | 13.3
Invocations    | 8 11 12 | 12.7
Long Blades    | |  1.5
Stealth        | |  1.3
Spellcasting   | |  2.6

Action                   |  1- 3 |  4- 6 |  7- 9 | 10-12 || total
-------------------------+-------+-------+-------+-------++-------
Melee: Long sword        |    46 |    73 |    62 |       ||   181
       Unarmed           |    31 |    60 |    89 |       ||   180
       Tailslap          |     5 |    16 |    33 |    99 ||   153
       Kick              |     3 |    25 |    67 |   188 ||   283
       Quarterstaff      |       |       |   178 |   475 ||   653
 Cast: Flame Tongue      |     2 |    21 |       |       ||    23
Invok: Choose Tiamat's R |       |       |     1 |       ||     1
       Choose Bahamut's  |       |       |     1 |       ||     1
       Enhanced Breath   |       |       |       |     1 ||     1
 Abil: Breathe Silver Sp |       |       |    14 |    28 ||    42
  Use: Potion            |       |     1 |       |     6 ||     7
       Scroll            |       |       |       |     1 ||     1
 Stab: Sleeping          |     2 |     1 |     2 |    20 ||    25
       Petrifying        |       |       |       |     1 ||     1
       Distracted        |       |       |       |     2 ||     2
  Eat: Chunk             |       |       |    12 |    18 ||    30
       Ration            |       |       |       |     1 ||     1
Armor: Skin              |    15 |    29 |    99 |   332 ||   475
Dodge: Dodged            |    28 |    86 |   198 |   444 ||   756
       Rpst.: Long sword |    10 |    30 |    10 |       ||    50
       Unarmed           |     8 |    25 |     6 |       ||    39
